 Dungeon Sprint DCSS version 0.18.1-50-g88ac8fd (webtiles) character file.

246 Kagutsuchi the Fighter (level 5, -12/56 HPs)
             Began as a Draconian Berserker on Oct 21, 2016.
             Was a Believer of Trog.
             Mangled by a neqoxec (15 damage)
             ... in the Dungeon (Sprint II: "The Violet Keep of Menkaure").
             The game lasted 00:00:20 (29 turns).

Kagutsuchi the Fighter (Draconian Berserker)          Turns: 29, Time: 00:00:21

Health: -12/56     AC:  5    Str: 19      XL:     5   Next: 84%
Magic:  5/5        EV: 14    Int:  7 (8)  God:    Trog [**....]
Gold:   0          SH:  0    Dex:  8 (9)  Spells: 0 memorised, 4 levels left

rFire  . . .     SeeInvis .     a - +0 falchion
rCold  . . .     Gourm    .     (armour unavailable)
rNeg   . . .     Faith    .     (no shield)
rPois  .         Spirit   .     (helmet restricted)
rElec  .         Dismiss  .     (no cloak)
rCorr  .         Reflect  .     (no gloves)
SustAt .         Harm     .     (no boots)
MR     .....     Rnd*Rage +     (no amulet)
Stlth  +......... NoTele   +    (no ring)
                                (no ring)

@: exhausted, not resistant to hostile enchantments, very unstealthy
A: unfitting armour, berserk 2, clumsy 1, deterioration 1, screaming 1,
cold-blooded, AC +5
a: Berserk, Trog's Hand, Burn Spellbooks, Renounce Religion


You were in the Dungeon.
You worshipped Trog.
Trog was pleased with you.
You were not hungry.

You visited 1 branch

Inventory:

Hand Weapons
 a - a +0 falchion (weapon)
Scrolls
 h - a scroll of blinking
Potions
 c - a potion of curing
 d - a potion of heal wounds
 e - a potion of haste
 f - 2 potions of magic
 g - a potion of berserk rage
Comestibles
 b - a bread ration


   Skills:
 + Level 8.4 Fighting
 + Level 7.4 Long Blades
 + Level 7.1 Dodging


You had 4 spell levels left.
You didn't know any spells.

Dungeon Overview and Level Annotations

Branches:
Dungeon (1/1)

Altars:


Innate Abilities, Weirdness & Mutations

Your plain brown scales are hard (AC +5).
Your body does not fit into most forms of armour.
You are cold-blooded and may be slowed by cold attacks.
You often lose your temper in combat.
You are clumsy. (Dex -2)
Your body sometimes deteriorates upon taking damage.
You occasionally shout uncontrollably at your foes.


Message History

You barely miss the neqoxec. The quasit bites you.
* * * LOW HITPOINT WARNING * * *
The quasit claws you.
* * * LOW HITPOINT WARNING * * *
You feel clumsy. The quasit barely misses you.
The neqoxec hits you but does no damage.
Unknown command.
You hit the neqoxec.
Your tail-slap misses the neqoxec.
The neqoxec is lightly wounded.
The quasit misses you. The quasit barely misses you.
The quasit claws you but does no damage.
The neqoxec misses you.
Unknown command.
You slash the neqoxec!
The neqoxec is moderately wounded.
The quasit closely misses you. The quasit barely misses you.
The quasit claws you but does no damage.
The neqoxec hits you!
You die...

### #+###.##
##.##.#@#
+.<.'##355.#
##.###.5#55..#
#+# #.##......
## §.§.. ≈§≈..
≈≈§. ≈≈≈≈


You could see a neqoxec, an iron imp, a quasit, 2 crimson imps and a shadow imp.

Vanquished Creatures
  2 neqoxecs (D)
2 creatures vanquished.

Notes
Turn   | Place    | Note
--------------------------------------------------------------
     0 | D        | Kagutsuchi the Draconian Berserker began the quest for the Orb.
     0 | D        | Reached XP level 1. HP: 19/19 MP: 1/1
     1 | D        | Noticed a neqoxec
     8 | D        | Gained mutation: You occasionally shout uncontrollably at your foes. [a neqoxec]
     9 | D        | Killed a neqoxec
     9 | D        | Reached skill level 7 in Fighting
     9 | D        | Reached skill level 5 in Dodging
     9 | D        | Reached XP level 2. HP: 34/34 MP: 2/2
     9 | D        | Reached XP level 3. HP: 39/39 MP: 3/3
     9 | D        | Reached XP level 4. HP: 47/47 MP: 4/4
    14 | D        | Noticed a neqoxec
    15 | D        | Noticed a neqoxec
    15 | D        | Noticed a neqoxec
    15 | D        | Gained mutation: You tend to lose your temper in combat. [a neqoxec]
    17 | D        | Gained mutation: You often lose your temper in combat. [a neqoxec]
    24 | D        | Gained mutation: Your body sometimes deteriorates upon taking damage. [a neqoxec]
    24 | D        | Gained mutation: You are clumsy. (Dex -2) [a neqoxec]
    26 | D        | Killed a neqoxec
    26 | D        | Reached ** piety under Trog
    26 | D        | Reached skill level 8 in Fighting
    26 | D        | Reached XP level 5. HP: 5/56 MP: 5/5
    27 | D        | HP: 2/56 [quasit[a neqoxec] (1)]
    29 | D        | Mangled by a neqoxec

Skill      XL: |  1  2  3  4 |
---------------+-------------+-----
Fighting       | 7 8 |  8.4
Long Blades    | 6 7 |  7.4
Dodging        | 5 7 |  7.1

Action                   |  1- 3 |  4- 6 || total
-------------------------+-------+-------++-------
Melee: Falchion          |     5 |    14 ||    19
       Tailslap          |     2 |     1 ||     3
Invok: Berserk           |     1 |       ||     1
Armor: Skin              |       |     5 ||     5
Dodge: Dodged            |     3 |    20 ||    23
